 Dungeon Crawl Stone Soup version 0.28.0-47-ge53b351184 (webtiles) character file.

Game seed: 4471880640347674059

21746 Kenran the Fighter (level 12, -9/165 HPs)
             Began as a Palentonga Fighter on Apr 26, 2022.
             Was an Initiate of Yredelemnul.
             Mangled by a small abomination (17 damage)
             ... on level 1 of the Abyss.
             The game lasted 00:35:19 (16443 turns).

Kenran the Fighter (Palentonga Fighter)            Turns: 16443, Time: 00:35:19

Health: -9/165     AC: 21    Str: 24    XL:     12   Next: 56%
Magic:  0/18       EV:  7    Int:  9    God:    Yredelemnul [......]
Gold:   614        SH: 10    Dex: 16    Spells: 11/11 levels left

rFire   . . .      SeeInvis +   l - +1 whip (elec)
rCold   . . .      Faith    .   x - +0 kite shield
rNeg    . . .      Spirit   +   k - +0 plate armour
rPois   .          Reflect  .   G - +0 helmet
rElec   .          Harm     .   w - scarf {repulsion}
rCorr   .          Rampage  .   b - +1 Delatra's gloves {ID++}
Will    .....                   (no barding)
Stlth   ..........              E - amulet of guardian spirit
HPRegen 0.00/turn               u - +6 ring of dexterity
MPRegen 0.16/turn               y - +4 ring of evasion

@: berserking, sick, repel missiles, curled up, very quick
A: large, rugged brown scales 3, see invisible, deformed body, roll 1, armoured
tail, reflexive curl
a: Rolling Charge, Renounce Religion, Recall Undead Harvest


You were on level 1 of the Abyss.
You worshipped Yredelemnul.
Yredelemnul was aware of your devotion.
You visited 3 branches of the dungeon, and saw 15 of its levels.
You visited the Abyss 1 time.
You also visited: Ossuary.

You collected 1000 gold pieces.
You spent 386 gold pieces at shops.

Inventory:

Hand Weapons
 l - a +1 whip of electrocution (weapon)
Missiles
 j - 13 boomerangs
 z - 3 javelins
 F - 2 throwing nets
 H - a curare-tipped dart
 L - 4 poisoned darts
Armour
 b - the +1 Delatra's gloves (worn) {ID++}
   (You found it on level 5 of the Dungeon)

   It heals its wearer when they drink unknown potions.
   It restores its wearer's MP when they read unknown scrolls.
 k - a +0 plate armour (worn)
 w - a scarf of repulsion (worn)
 x - a +0 kite shield (worn)
 G - a +0 helmet (worn)
Jewellery
 u - a +6 ring of dexterity (left hand)
 y - a +4 ring of evasion (right hand)
 E - an amulet of guardian spirit (around neck)
 J - a ring of fire
Wands
 a - a wand of polymorph (24)
 e - a wand of acid (1)
 v - a wand of iceblast (7)
 A - a wand of flame (16)
Scrolls
 c - 3 scrolls of magic mapping
 g - 4 scrolls of vulnerability
 i - a scroll of silence
 o - 4 scrolls of amnesia
 p - 3 scrolls of summoning
 r - 2 scrolls of brand weapon
 s - 2 scrolls of teleportation
 t - 3 scrolls of fog
 D - 4 scrolls of enchant armour
 K - a scroll of immolation
 M - a scroll of holy word {unknown}
Potions
 d - 3 potions of might
 f - 4 potions of curing
 h - a potion of heal wounds
 m - 6 potions of brilliance
 n - a potion of degeneration {unknown}
 q - 3 potions of attraction
 B - a potion of resistance {unknown}
 C - a potion of berserk rage
 I - a potion of haste {unknown}
 N - 2 potions of magic {unknown}


   Skills:
 + Level 12.7 Fighting
 - Level 12.0 Maces & Flails
 - Level 6.0 Armour
 - Level 6.0 Shields
 + Level 8.5 Invocations
 - Level 4.0 Evocations


You had 11 spell levels left.
You didn't know any spells.
Your spell library contained the following spells:

 Spells                   Type           Power      Damage    Failure   Level
 Summon Small Mammal      Summ           0%         N/A       100%        1
 Blink                    Tloc           0%         N/A       100%        2
 Sublimation of Blood     Necr           0%         N/A       100%        2
 Call Canine Familiar     Summ           0%         N/A       100%        3
 Lesser Beckoning         Tloc           0%         N/A       100%        3
 Summon Guardian Golem    Hex/Summ       0%         N/A       100%        3
 Petrify                  Tmut/Erth      0%         N/A       100%        4
 Fireball                 Conj/Fire      0%         3d3       100%        5
 Irradiate                Conj/Tmut      0%         3d14      100%        5
 Iskenderun's Battlesphe  Conj           0%         2d6       100%        5
 Manifold Assault         Tloc           0%         N/A       100%        5
 Conjure Ball Lightning   Conj/Air       0%         3x3d6     100%        6
 Orb of Destruction       Conj           0%         9d5       100%        7


Dungeon Overview and Level Annotations

Branches:
Dungeon (11/15)            Temple (1/1) D:7            Lair (3/6) D:9
  Snake (0/4) Lair:2          Orc (0/2) D:10        Ossuary (visited)
  Swamp: Lair:2-4    Shoals: Lair:2-4

Altars:
Ashenzari
Kikubaaqudgha
Makhleb
Nemelex Xobeh
Ru
Sif Muna
Trog
Uskayaw
Vehumet
Xom
Yredelemnul
Zin

Shops:
D:4 [   D:6 *

Annotations:
D:4 exclusion: 2 downstairs
D:10 3 runed translucent doors, KamiKatze's ghost, novice OpCj; ciphuk's ghost, novice FeCj; duchin's ghost, novice MiBe; jaiteiro's ghost, journeyman BaIE
Lair:3 Sonja
Abyss:1 1 transporter


Innate Abilities, Weirdness & Mutations

You are completely covered in rugged brown scales. (AC +3, +7% HP)
You have supernaturally acute eyesight. (SInv)
Armour fits poorly on your strangely shaped body.
You can roll at nearby foes to attack.
You have a long armoured tail.
You curl defensively after being hit. (AC +7*)


Message History

You tail-slap the tentacled starspawn!
The tentacled starspawn is severely damaged.
The torpor snail changes into a steelbarb worm!
The manticore changes into a death drake!
The small abomination hits you!
* * * LOW HITPOINT WARNING * * *
A worldbinder comes into view.
You block the ancient zyme's attack. The ancient zyme closely misses you.
A starcursed mass comes into view.
A large abomination comes into view.
You whack the tentacled starspawn!
Lightning courses through the tentacled starspawn!
You destroy the tentacled starspawn!
That felt strangely unrewarding.
You feel yourself speed up.
The small abomination hits you but does no damage.
The wretched star glows turbulently.
The lance of force hits you!
* * * LOW HITPOINT WARNING * * *
You are knocked back by the lance of force.
You slam into the stone wall!
Unknown command.
Unknown command.
Unknown command.
Unknown command.
You barely miss the tentacled starspawn.
You tail-slap the tentacled starspawn!
The tentacled starspawn is lightly damaged.
The sixfirhy hits you but does no damage.
You barely miss the tentacled starspawn.
The tentacled starspawn is lightly damaged.
The sixfirhy hits you but does no damage. x2
Tentacles burst from the starspawn's body! 2 starspawn tentacles come into view.
You whack the tentacled starspawn!
The tentacled starspawn is moderately damaged.
The death drake changes into a two-headed ogre!
The sixfirhy hits you but does no damage.
The small abomination hits you!
You die...
Your body rises from the dead as a mindless zombie.

# #.#
####..
##ww# .#
#3X###...##
#@xx*##©##.
###b..###..
##wO.D...
#x....#
..xX.#
x.X..# ...X
###..


You could see a starcursed mass, 2 tentacled starspawn, a wretched star, a
steelbarb worm shaped shifter, a swamp dragon, a two-headed ogre shaped shifter,
2 ancient zymes, a worldbinder, a sixfirhy, a small abomination, a fire bat and
2 starspawn tentacles.

Vanquished Creatures
  A tentacled starspawn (Abyss:1)
  Snorg (D:10)
  3 two-headed ogres
  2 cyclopes
  Joseph (D:8)
  Psyche (D:8)
  7 cane toads
  A gargoyle (D:11)
  An unseen horror (D:9)
  A komodo dragon (Lair:2)
  2 trolls
  A blink frog (Lair:1)
  2 meliai zombies
  3 shadows
  A wraith (D:11)
  12 yaks
  A wyvern (Lair:3)
  A steam dragon (D:7)
  2 basilisks
  A two-headed ogre zombie (D:10)
  2 nagas (Lair:2)
  7 water moccasins
  A sky beast (D:6)
  A black bear (D:9)
  4 orc warriors
  2 necrophages
  3 ogres
  5 wolves
  3 centaurs
  A kobold brigand (D:7)
  10 bullfrogs
  A gnoll sergeant (D:6)
  A water moccasin zombie (D:6)
  6 scorpions
  A water moccasin skeleton (D:4)
  A troll zombie (D:10)
  4 wights (D:10)
  A howler monkey (D:10)
  2 electric eels (D:11)
  4 centaur zombies
  A jelly (D:6)
  9 orc priests
  A gnoll shaman (D:8)
  2 bullfrog skeletons
  2 centaur skeletons
  6 hounds
  5 iguanas
  9 orc wizards
  4 hell rats (Lair:1)
  A killer bee zombie (D:8)
  4 ogre zombies (D:10)
  A hound skeleton (D:2)
  8 mummies (Ossuary)
  A howler monkey zombie (D:6)
  6 gnolls
  A howler monkey skeleton (D:6)
  9 adders
  A white imp (D:5)
  An ufetubus (D:5)
  2 worms
  3 dart slugs (D:4)
  41 orcs
  3 bats
  8 endoplasms
  3 giant cockroaches
  A gnoll zombie (Ossuary)
  8 goblins
  10 hobgoblins
  7 kobolds
  3 quokkas
  5 ball pythons
  3 frilled lizards
  3 goblin skeletons (D:10)
  5 hobgoblin zombies
  2 kobold zombies (Ossuary)
  An orc skeleton (D:10)
  12 orc zombies
  5 rats
302 creatures vanquished.

Vanquished Creatures (collateral kills)
  A two-headed ogre (D:9)
  An ugly thing (D:10)
  A centaur zombie (D:11)
  5 cane toads (Lair:1)
  3 blink frogs (Lair:1)
  4 yaks
  A basilisk (Lair:1)
  A naga (Lair:2)
  An orc warrior (D:10)
  A water moccasin (Lair:1)
  2 wolves
  A centaur (D:9)
  3 bullfrogs
  2 hell rats (Lair:1)
  An orc wizard (D:8)
  2 ogre zombies (D:10)
  7 orc zombies
  An orc (D:11)
38 creatures vanquished.

Vanquished Creatures (others)
  A two-headed ogre zombie (D:9)
  A cane toad zombie (Lair:1)
  A troll zombie (D:10)
  A cyclops zombie (D:9)
  A yak zombie (Lair:1)
  A bullfrog zombie (Lair:1)
  A centaur zombie (D:8)
  A scorpion zombie (Lair:3)
  A howler monkey zombie (D:10)
  2 gnoll zombies (D:8)
  5 orc zombies
  26 fungi
  28 plants
  2 withered plants (D:10)
72 creatures vanquished.

Grand Total: 412 creatures vanquished

Notes
Turn   | Place    | Note
-------+----------+-------------------------------------------
     0 | D:1      | Kenran the Palentonga Fighter began the quest for the Orb.
     0 | D:1      | Reached XP level 1. HP: 19/19 MP: 1/1
   315 | D:1      | Reached XP level 2. HP: 12/25 MP: 2/2
   490 | D:1      | Found a faded altar of an unknown god.
   908 | D:2      | Reached XP level 3. HP: 23/31 MP: 3/3
  1787 | D:2      | Reached XP level 4. HP: 24/37 MP: 4/4
  2406 | D:3      | Reached XP level 5. HP: 38/43 MP: 5/5
  3198 | D:4      | Reached XP level 6. HP: 13/51 MP: 6/6
  3275 | D:4      | Reached skill level 5 in Maces & Flails
  3424 | D:4      | Found a sand-covered staircase.
  3443 | Ossuary  | Entered an ossuary
  4202 | D:4      | Noticed Ijyb
  4204 | D:4      | Noticed Ijyb
  4204 | D:4      | Ijyb changed into Ijyb the dart slug
  4210 | D:4      | Killed Ijyb the dart slug
  4646 | D:4      | Found Gozef's Armour Shoppe.
  4655 | D:4      | Bought a scarf of repulsion for 168 gold pieces
  4721 | D:4      | Found a sparkling altar of Nemelex Xobeh.
  4883 | D:5      | Entered Level 5 of the Dungeon
  4884 | D:5      | Noticed an orc warrior
  5014 | D:5      | Reached skill level 5 in Fighting
  5014 | D:5      | Gained mutation: You curl defensively after being hit. (AC
                  | +7*) [Palentonga growth]
  5014 | D:5      | Reached XP level 7. HP: 59/59 MP: 7/7
  5713 | D:5      | Reached XP level 8. HP: 57/66 MP: 8/8
  6242 | D:5      | Found the +1 Delatra's gloves {ID++}
  6574 | D:6      | Reached skill level 1 in Evocations
  7573 | D:6      | Reached XP level 9. HP: 72/72 MP: 9/9
  7720 | D:6      | Reached skill level 10 in Maces & Flails
  8202 | D:6      | Found Ulocefiw's Assorted Antiques.
  8210 | D:6      | Bought a scroll labelled SANKIS TOUDWUC for 19 gold pieces
  8210 | D:6      | Bought a helmet for 85 gold pieces
  8210 | D:6      | Bought 3 scrolls of identify for 114 gold pieces
  8663 | D:7      | Found a staircase to the Ecumenical Temple.
  8845 | Temple   | Entered the Ecumenical Temple
  8932 | Temple   | Became a worshipper of Yredelemnul the Dark
  9092 | D:7      | Reached * piety under Yredelemnul
  9556 | D:8      | Noticed Joseph
  9570 | D:8      | Killed Joseph
  9571 | D:8      | Reached skill level 1 in Invocations
  9602 | D:8      | Noticed a two-headed ogre
  9607 | D:8      | Killed a two-headed ogre
  9608 | D:8      | Reached XP level 10. HP: 59/84 MP: 8/11
  9631 | D:8      | Noticed Psyche
  9645 | D:8      | Killed Psyche
  9856 | D:8      | Identified the +7 hand crossbow "Wuchunne" {venom, Will+
                  | Str+6}
  9856 | D:8      | Identified the +3 scale mail "Kegyqomao" {rF++ Int-5}
 10199 | D:8      | Noticed a two-headed ogre
 10209 | D:8      | Killed a two-headed ogre
 10210 | D:8      | Reached skill level 5 in Armour
 10210 | D:8      | Reached skill level 5 in Shields
 10489 | D:9      | Found a staircase to the Lair.
 10630 | D:9      | Noticed a cyclops
 10660 | D:9      | Killed a cyclops
 10823 | D:9      | Noticed a two-headed ogre
 10836 | D:9      | Killed a two-headed ogre
 10837 | D:9      | Reached ** piety under Yredelemnul
 10838 | D:9      | Noticed a two-headed ogre
 10850 | D:9      | Killed a two-headed ogre
 11110 | D:10     | Entered Level 10 of the Dungeon
 11116 | D:10     | Reached XP level 11. HP: 95/95 MP: 14/14
 11149 | D:10     | Noticed Snorg
 11158 | D:10     | Killed Snorg
 11417 | D:10     | Found a staircase to the Orcish Mines.
 11626 | D:10     | Found a runed translucent gate.
 11626 | D:10     | Found a runed translucent gate.
 11626 | D:10     | Found a runed translucent gate.
 11626 | D:10     | Noticed jaiteiro's ghost (journeyman BaIE)
 11626 | D:10     | Noticed duchin's ghost (novice MiBe)
 11627 | D:10     | Noticed ciphuk's ghost (novice FeCj)
 11627 | D:10     | Noticed KamiKatze's ghost (novice OpCj)
 11714 | D:10     | Reached skill level 10 in Fighting
 11858 | D:10     | Noticed a red ugly thing
 11872 | D:10     | Your ally Snorg died
 11876 | D:10     | Killed a red ugly thing
 12828 | D:11     | Reached skill level 5 in Invocations
 13030 | Lair:1   | Entered Level 1 of the Lair of Beasts
 13443 | Lair:1   | Reached *** piety under Yredelemnul
 13762 | Lair:1   | Reached XP level 12. HP: 102/107 MP: 16/16
 13985 | Lair:1   | Reached **** piety under Yredelemnul
 14454 | Lair:1   | Reached ***** piety under Yredelemnul
 15356 | Lair:2   | Found a broken altar of Ashenzari.
 15363 | Lair:2   | Reached ****** piety under Yredelemnul
 15387 | Lair:2   | Found a staircase to the Snake Pit.
 16372 | Lair:3   | Noticed Sonja
 16377 | Lair:3   | Cast into level 1 of the Abyss (Sonja)
 16419 | Abyss:1  | Noticed a starcursed mass
 16429 | Abyss:1  | Noticed a tentacled starspawn
 16433 | Abyss:1  | Found a transporter.
 16434 | Abyss:1  | Noticed a tentacled starspawn
 16437 | Abyss:1  | Noticed a tentacled starspawn
 16437 | Abyss:1  | Found a corrupted altar of Lugonu.
 16438 | Abyss:1  | Noticed a tentacled starspawn
 16439 | Abyss:1  | Noticed a starcursed mass
 16440 | Abyss:1  | Killed a tentacled starspawn
 16440 | Abyss:1  | HP: 8/165 [wretched star/lance of force (14)]
 16443 | Abyss:1  | Noticed a two-headed ogre
 16443 | Abyss:1  | a death drake changed into a two-headed ogre
 16443 | Abyss:1  | Mangled by a small abomination

Illustrated notes

Levels and vault maps discovered:
D:1:      heliophobic_arrival_dark_side_of_the_moon, layout_rooms,
          ebering_ecumenical_altar_rust
D:2:      layout_rooms
D:3:      layout_loops_cross, nrook_uturn, grunt_ministairs_14
D:4:      layout_cave_pods, nemelex_dance_club_becter, enter_ossuary_2,
          serial_shops, nicolae_shop_trees, uniq_ijyb
D:5:      layout_rooms, minivault_14, pf_guarded_unrand_delatra
D:6:      cheibrodos_fzero, layout_cave_pools, serial_shops,
          nicolae_shop_overgrown_old_shop
D:7:      layout_loops_ring, minmay_temple_entry_wispy, palyth_stone_intersect
D:8:      layout_loops_ring, uniq_psyche, uniq_joseph
D:9:      layout_basic, lair_entry_dummy
D:10:     layout_irregular_city, zombieorc2_lemuel, gammafunk_ghost_cemetery,
          minivault_27, uniq_snorg
D:11:     layout_big_octagon
Temple:   mainiacjoe_temple_archimedes_tessellation
Lair:1:   layout_concentric_octagons, beast_lair_carwin_8
Lair:2:   layout_gridlike, guppyfry_snake_entry_island, basic_altar,
          serial_bayou_shore_b
Lair:3:   layout_cave_pods, st_stairs_12, infiniplex_staircase_pool, uniq_sonja
Abyss:1:  base: Temple, gammafunk_corrupted_shrine

Skill      XL: |  1  2  3  4  5  6  7  8  9 10 11 12 |
---------------+-------------------------------------+-----
Maces & Flails | 3 4 6 8 9 10 11 12 | 12.0
Shields        | 3 4 5 6 |  6.0
Armour         | 3 4 5 6 |  6.0
Fighting       | 4 5 7 9 11 12 | 12.7
Evocations     | 2 4 |  4.0
Invocations    | 2 4 6 8 |  8.5

Action                   |  1- 3 |  4- 6 |  7- 9 | 10-12 || total
-------------------------+-------+-------+-------+-------++-------
Melee: Flail             |   120 |    47 |       |       ||   167
       Tailslap          |    11 |    29 |    54 |   106 ||   200
       Whip              |       |   166 |   370 |   570 ||  1106
Invok: Recall Undead Har |       |       |     1 |     8 ||     9
Evoke: Wand              |       |     2 |     7 |    15 ||    24
  Use: Scroll            |     3 |       |    11 |     4 ||    18
       Potion            |       |     2 |     3 |     9 ||    14
 Stab: Distracted        |       |       |       |     2 ||     2
Armor: Scale mail        |    61 |    67 |    19 |       ||   147
       Plate armour      |       |       |   158 |   247 ||   405
       Skin              |       |       |    16 |       ||    16
Dodge: Dodged            |    36 |    58 |    57 |    97 ||   248
       Repelled          |       |       |     1 |     1 ||     2
Block: Buckler           |    16 |    29 |    17 |       ||    62
       Kite shield       |       |       |   159 |   202 ||   361
